 Dungeon Crawl Stone Soup version 0.20.1-1-g8b1a95d (webtiles) character file.

337 Irenicus the Chopper (level 6, -1/57 HPs)
             Began as a Deep Dwarf Monk on Oct 28, 2017.
             Splashed by a jelly's acid (4 damage)
             ... on level 4 of the Dungeon.
             The game lasted 00:10:31 (2805 turns).

Irenicus the Chopper (Deep Dwarf Monk)              Turns: 2805, Time: 00:10:31

Health: -1/57      AC: -28   Str: 15    XL:     6   Next: 28%
Magic:  3/3        EV:  8    Int: 10    God:
Gold:   106        SH:  0    Dex: 17    Spells: 5/5 levels left

rFire    . . .     SeeInvis .   a - +1 hand axe
rCold    . . .     Gourm    .   (no shield)
rNeg     . . .     Faith    .   m - +0 chain mail (curse)
rPois    .         Spirit   .   h - +0 helmet
rElec    .         Reflect  .   b - +0 cloak
rCorr    .         Harm     .   (no gloves)
MR       .....                  (no boots)
Stlth    ..........             (no amulet)
Regen    0.0/turn               (no ring)
MPRegen  0.1/turn               (no ring)

@: corroded, non-regenerating
A: damage resistance, heal wounds, rugged brown scales 1, blink, sense
surroundings 1, no regeneration
a: Heal Wounds, Blink


You were on level 4 of the Dungeon.
You were hungry.

You visited 2 branches of the dungeon, and saw 5 of its levels.

You collected 106 gold pieces.

Inventory:

Hand Weapons
 a - a +1 hand axe (weapon)
Armour
 b - a +0 cloak (worn)
 h - a +0 helmet (worn)
 m - a cursed +0 chain mail (worn)
 r - a cursed +0 plate armour
Wands
 j - a wand of polymorph (13/24)
Scrolls
 d - 4 scrolls of identify
 i - a scroll of magic mapping
 l - a scroll of enchant weapon
 o - a scroll of fear
Potions
 e - 3 potions of curing
 p - a potion of brilliance
Comestibles
 c - 5 bread rations
 f - 7 fruits
 g - 3 royal jellies


   Skills:
 - Level 3.0 Fighting
 + Level 7.3 Axes
 - Level 2.0 Armour
 - Level 3.2 Dodging
 - Level 2.4 Stealth


You had 5 spell levels left.
You didn't know any spells.

Dungeon Overview and Level Annotations

Branches:
Dungeon (4/15)             Temple (1/1) D:4

Altars:
Ashenzari
Elyvilon
Gozag
Hepliaklqana
Kikubaaqudgha
Nemelex Xobeh
Okawaru
Ru
Sif Muna
Trog
Uskayaw
Xom
The Shining One


Innate Abilities, Weirdness & Mutations

You are resistant to damage.
You can heal yourself by infusing magical energy.
You passively map a small area around you.
You do not regenerate.
You are partially covered in rugged brown scales. (AC +1, +3% HP)
You can translocate small distances at will.


Message History

Your magical essence is drained by the effort!
You feel much better. The jelly hits you. The acid corrodes you!
You are splashed with acid!
The acid burns!
You hit the jelly but do no damage. The acid corrodes you!
Your hands burn!
The jelly is almost dead.
The jelly hits you.
You are splashed with acid!
The acid burns!
You hit the jelly but do no damage. The acid corrodes you!
Your hands burn!
The jelly is almost dead.
The jelly hits you.
You are splashed with acid!
The acid burns!
* * * LOW HITPOINT WARNING * * *
You hit the jelly but do no damage.
Your hands burn!
The jelly is almost dead.
The jelly hits you.
You are splashed with acid!
The acid burns!
* * * LOW HITPOINT WARNING * * *
You hit the jelly but do no damage. The acid corrodes you!
Your hands burn!
The jelly is almost dead.
The jelly hits you.
* * * LOW HITPOINT WARNING * * *
You are splashed with acid!
The acid burns!
You die...

....................#.§§.........
####...............##..§.........
###.............>.#*#............
.................## #######8.8###
.##...............# #..##
........†.........# #.##
..................# ##.#
................J.## #..#
................@..#### ##.##
......................###..#
..................###.....##
.......).........## ##.####
,.#.......#......# #.##
,.#.#.###.##.....# #..##
,................# ####..#####
,.....#..........###.........#
,*#.......##.................#


You could see a jelly.

Vanquished Creatures
  Crazy Yiuf (D:3)
  2 orc wizards (D:3)
  A worker ant (D:4)
  Robin (D:3)
  3 gnolls (D:2)
  9 adders
  An ooze (D:3)
  4 worms
  3 dart slugs (D:1)
  4 leopard geckos
  4 orcs (D:3)
  5 giant cockroaches
  15 goblins
  9 hobgoblins
  3 jackals (D:4)
  A quokka (D:2)
  8 bats
  4 frilled lizards
  4 kobolds
  10 rats
92 creatures vanquished.

Notes
Turn   | Place    | Note
-------+----------+-------------------------------------------
     0 | D:1      | Irenicus the Deep Dwarf Monk began the quest for the Orb.
     0 | D:1      | Reached XP level 1. HP: 20/20 MP: 1/1
   149 | D:1      | Reached XP level 2. HP: 27/27 MP: 2/2
   298 | D:1      | Reached skill level 4 in Axes
   686 | D:1      | Reached XP level 3. HP: 26/34 MP: 3/3
   845 | D:2      | Reached skill level 5 in Axes
   852 | D:2      | Reached XP level 4. HP: 11/42 MP: 4/4
   890 | D:2      | Gained mutation: You are partially covered in rugged brown scales. (AC +1, +3% HP) [potion of mutation]
   890 | D:2      | Gained mutation: You can translocate small distances at will. [potion of mutation]
   976 | D:2      | Reached skill level 1 in Armour
  1701 | D:3      | Reached XP level 5. HP: 15/50 MP: 5/5
  1864 | D:3      | Found a faded altar of an unknown god.
  1916 | D:3      | Reached skill level 6 in Axes
  1990 | D:3      | Noticed Robin
  2028 | D:3      | Killed Robin
  2048 | D:3      | Found a shimmering altar of Xom.
  2243 | D:3      | Found a runed door.
  2247 | D:3      | Noticed Crazy Yiuf
  2254 | D:3      | Killed Crazy Yiuf
  2477 | D:3      | Reached skill level 7 in Axes
  2477 | D:3      | Reached XP level 6. HP: 33/57 MP: 6/6
  2664 | D:4      | Found a staircase to the Ecumenical Temple.
  2673 | Temple   | Entered the Ecumenical Temple
  2786 | D:4      | HP: 2/57 [acid (8)]
  2792 | D:4      | HP: 2/57 [acid (3)]
  2805 | D:4      | Splashed by a jelly's acid

Skill      XL: |  1  2  3  4  5 |
---------------+----------------+-----
Fighting       | 3 |  3.0
Axes           | 4 5 7 |  7.3
Armour         | 2 |  2.0
Dodging        | |  3.2
Stealth        | |  2.4

Action                   |  1- 3 |  4- 6 || total
-------------------------+-------+-------++-------
Melee: Hand axe          |    82 |   288 ||   370
 Abil: Heal Wounds       |       |     5 ||     5
  Use: Scroll            |     3 |     2 ||     5
       Potion            |       |     5 ||     5
 Stab: Sleeping          |     6 |       ||     6
  Eat: Chunk             |       |     6 ||     6
Armor: Robe              |     7 |       ||     7
       Chain mail        |     9 |   146 ||   155
Dodge: Dodged            |    49 |   105 ||   154
